 Dungeon Crawl Stone Soup version 0.21-a0-426-g98080a9 (webtiles) character file.

46 slep the Slasher (level 3, -1/27 HPs)
             Began as a Demonspawn Gladiator on Nov 6, 2017.
             Slain by a kobold
             ... wielding a +0 whip
              (2 damage)
             ... on level 2 of the Dungeon.
             The game lasted 00:03:20 (905 turns).

slep the Slasher (Demonspawn Gladiator)              Turns: 905, Time: 00:03:21

Health: -1/27      AC:  5    Str: 14    XL:     3   Next: 44%
Magic:  0/3        EV: 13    Int:  9    God:
Gold:   46         SH:  0    Dex: 15    Spells: 2/2 levels left

rFire    + . .     SeeInvis .   a - +0 long sword
rCold    . . .     Gourm    .   (no shield)
rNeg     . . .     Faith    .   b - +0 leather armour
rPois    .         Spirit   +   c - +0 helmet
rElec    .         Reflect  .   (no cloak)
rCorr    .         Harm     .   (no gloves)
MR       .....                  i - +0 pair of boots
Stlth    +.........             (no amulet)
HPRegen  0.09/turn              (no ring)
MPRegen  0.08/turn              (no ring)

@: lethally poisoned (-1 -> -3), hasted, very quick
A: fire resistance 1, magic shield
a: no special abilities


You were on level 2 of the Dungeon.
You were not hungry.

You visited 1 branch of the dungeon, and saw 2 of its levels.

You collected 46 gold pieces.

Inventory:

Hand Weapons
 a - a +0 long sword (weapon)
Missiles
 d - 4 throwing nets (quivered)
Armour
 b - a +0 leather armour (worn)
 c - a +0 helmet (worn)
 i - a +0 pair of boots (worn)
Scrolls
 e - 2 scrolls of amnesia {unknown}
 g - 2 scrolls of blinking {unknown}
 j - a scroll of immolation {unknown}
 k - a scroll of remove curse {unknown}
 n - a scroll of teleportation {unknown}
 o - a scroll of recharging {unknown}
 q - 2 scrolls of identify {unknown}
Potions
 p - a potion of magic {unknown}
Comestibles
 f - a bread ration
 l - a royal jelly
 m - 2 meat rations


   Skills:
 + Level 2.1 Fighting
 + Level 3.2 Long Blades
 + Level 2.1 Throwing
 + Level 0.4 Armour
 + Level 3.1 Dodging
 + Level 0.3 Stealth


You had 2 spell levels left.
You didn't know any spells.

Dungeon Overview and Level Annotations

Branches:
Dungeon (2/15)

Altars:


Innate Abilities, Weirdness & Mutations

Your flesh is heat resistant. (rF+)
When hurt, damage is shared between your health and your magic reserves.


Message History

The adder bites you but does no damage. The kobold hits you but does no damage.
The adder bites you.
* * * LOW HITPOINT WARNING * * *
You hit the adder.
The adder is heavily wounded.
You feel sick. The kobold misses you. The adder closely misses you.
The kobold barely misses you.
You hit the adder but do no damage.
The adder is heavily wounded.
The adder closely misses you.
You riposte.
You barely miss the adder.
The adder is heavily wounded.
The adder closely misses you.
You riposte.
You barely miss the adder.
The adder is heavily wounded.
The kobold hits you with a whip.
* * * LOW HITPOINT WARNING * * *
It was a potion of haste.
You feel yourself speed up. The adder barely misses you.
You riposte.
You miss the adder.
The adder is heavily wounded.
The kobold hits you with a whip.
You die...

#....%#.
##......#.
##....$...#
#..........
#.<........
#..........
#...S.....$
#>.@K......
##..†.....#
#..........
#.........>
#..........
#..........
#..........
##.........


You could see an adder and a kobold.

Vanquished Creatures
  3 adders
  A dart slug (D:1)
  A leopard gecko (D:2)
  A ball python (D:2)
  4 giant cockroaches (D:1)
  2 goblins (D:1)
  2 kobolds (D:1)
  A bat (D:1)
  A frilled lizard (D:1)
16 creatures vanquished.

Notes
Turn   | Place    | Note
-------+----------+-------------------------------------------
     0 | D:1      | slep the Demonspawn Gladiator began the quest for the Orb.
     0 | D:1      | Reached XP level 1. HP: 16/16 MP: 1/1
   105 | D:1      | Gained mutation: Your flesh is heat resistant. (rF+) [demonic ancestry]
   105 | D:1      | Reached XP level 2. HP: 22/22 MP: 2/2
   895 | D:1      | Gained mutation: When hurt, damage is shared between your health and your magic reserves. [demonic ancestry]
   895 | D:1      | Reached XP level 3. HP: 21/27 MP: 3/3
   904 | D:2      | HP: 1/27 [kobold/whip (4)]
   905 | D:2      | Slain by a kobold

Vault maps used:
D:1:      dpeg_arrival_simpleton_b, hangedman_decor_opposing
D:2:      st_stairs_8, kennysheep_generic_room_4, uniq_sigmund

Skill      XL: |  1  2 |
---------------+-------+-----
Throwing       | 2 |  2.1
Long Blades    | 3 |  3.2
Dodging        | 3 |  3.1
Fighting       | |  2.1
Armour         | |  0.4
Stealth        | |  0.3

Action                   || total
-------------------------++-------
Melee: Long sword        ||    47
  Use: Potion            ||     1
 Stab: Sleeping          ||     1
Armor: Leather armour    ||    27
Dodge: Dodged            ||    55
       Rpst.: Long sword ||    23

Table legend:
 A = Spawn XP
 B = Non-spawn XP
 C = Spawn XP percentage of total XP
 D = Spawn monster count
 E = Non-spawn monster count
 F = Spawn count percentage of total count
 G = Total turns spent on level
                    A         B        C        D         E        F      G
               +---------+---------+-------+---------+---------+-------+---------
         Total |       0 |      66 |   0.0 |       0 |      16 |   0.0 |   905
               +---------+---------+-------+---------+---------+-------+---------
           D:1 |       0 |      47 |   0.0 |       0 |      13 |   0.0 |   893
           D:2 |       0 |      19 |   0.0 |       0 |       3 |   0.0 |    12
               +---------+---------+-------+---------+---------+-------+---------
